 Dungeon Crawl Stone Soup version 0.27.0-1-g7a089689b8 (console) character file.

Game seed: 7632911060864516161

317 jejorda2 the Chopper (level 6, 0/55 HPs)
             Began as a Deep Dwarf Summoner on July 31, 2021.
             Was an Initiate of Makhleb.
             Slain by an iguana (1 damage)
             ... on level 4 of the Dungeon.
             The game lasted 00:09:56 (2685 turns).

jejorda2 the Chopper (Deep Dwarf Summoner)          Turns: 2685, Time: 00:09:56

Health: 0/55       AC: 10    Str: 14    XL:     6   Next: 20%
Magic:  7/7        EV:  6    Int: 15    God:    Makhleb [......]
Gold:   172        SH:  0    Dex: 13    Spells: 7/8 levels left

rFire    . . .     SeeInvis .   a - +0 battleaxe
rCold    . . .     Faith    .   (shield currently unavailable)
rNeg     . . .     Spirit   .   e - +0 chain mail
rPois    .         Reflect  .   (no helmet)
rElec    .         Harm     .   (no cloak)
rCorr    .         Rampage  .   (no gloves)
Will     .....                  r - +0 pair of boots
Stlth    ..........             (no amulet)
HPRegen  0.00/turn              (no ring)
MPRegen  0.10/turn              (no ring)

@: no status effects
A: damage resistance, heal wounds, sense surroundings 1, no regeneration
a: Heal Wounds, Renounce Religion


You were on level 4 of the Dungeon.
You worshipped Makhleb.
Makhleb was noncommittal.
You visited 1 branch of the dungeon, and saw 4 of its levels.

You collected 172 gold pieces.

Inventory:

Hand Weapons
 a - a +0 battleaxe (weapon)
 s - a +0 flail
 t - a +0 war axe
Missiles
 f - 8 boomerangs
 o - 59 poisoned darts (quivered)
Armour
 e - a +0 chain mail (worn)
 r - a +0 pair of boots (worn)
Wands
 u - a wand of acid (7)
Scrolls
 i - a scroll of enchant weapon {unknown}
 k - 2 scrolls of blinking {unknown}
 l - 2 scrolls of enchant armour {unknown}
 n - a scroll of teleportation {unknown}
 p - a scroll of fear {unknown}
 q - a scroll of silence {unknown}
Potions
 b - a potion of berserk rage {unknown}
 h - a potion of flight {unknown}


   Skills:
 + Level 2.5 Fighting
 * Level 4.1(4.2) Axes
 - Level 0.8(2.4) Maces & Flails
 + Level 3.1 Armour
 - Level 2.1 Dodging
 - Level 2.4 Stealth
 - Level 1.7 Spellcasting
 - Level 3.6 Summonings
 + Level 1.9 Invocations


You had 7 spell levels left.
You knew the following spells:

 Your Spells              Type           Power      Damage    Failure   Level
a - Summon Small Mammal   Summ           48%        N/A       77%         1

Your spell library contained the following spells:

 Spells                   Type           Power      Damage    Failure   Level
 Call Imp                 Summ           12%        N/A       88%         2
 Call Canine Familiar     Summ           12%        N/A       98%         3
 Stone Arrow              Conj/Erth      2%         3d7       100%        3
 Summon Guardian Golem    Hex/Summ       6%         N/A       100%        3
 Animate Armour           Summ/Erth      12%        N/A       100%        4
 Leda's Liquefaction      Hex/Erth       0%         N/A       100%        4
 Summon Lightning Spire   Summ/Air       6%         N/A       100%        4
 Bolt of Magma            Conj/Fire/Erth 0%         4d4       100%        5
 Statue Form              Tmut/Erth      0%         N/A       100%        6
 Lehudib's Crystal Spear  Conj/Erth      0%         10d2      100%        8


Dungeon Overview and Level Annotations

Branches:
Dungeon (4/15)
 Temple: D:4-7

Altars:
Kikubaaqudgha
Makhleb

Shops:
D:2 (


Innate Abilities, Weirdness & Mutations

You are resistant to damage.
You can heal yourself by infusing magical energy.
You passively map a small area around you.
You do not regenerate.


Message History

Press: ? - help, Q - select action, (/) - cycle Shift-Dir - straight line, f/p - iguana
Aim: an iguana (lightly wounded, poisoned, 58% to hit)
You throw a poisoned dart. The poisoned dart hits the iguana.
The iguana looks even sicker.
The iguana is lightly wounded.
Throw: 62 darts (poison)
Press: ? - help, Q - select action, (/) - cycle Shift-Dir - straight line, f/p - iguana
Aim: an iguana (lightly wounded, very poisoned, 60% to hit)
You throw a poisoned dart. The poisoned dart hits the iguana.
The iguana is lightly wounded.
Throw: 61 darts (poison)
Press: ? - help, Q - select action, (/) - cycle Shift-Dir - straight line, f/p - iguana
Aim: an iguana (lightly wounded, very poisoned, 61% to hit)
You throw a poisoned dart. The poisoned dart hits the iguana.
The iguana looks even sicker.
The iguana is lightly wounded.
Throw: 60 darts (poison)
Press: ? - help, Q - select action, (/) - cycle Shift-Dir - straight line, f/p - iguana
Aim: an iguana (lightly wounded, very poisoned, 61% to hit)
You throw a poisoned dart.
The poisoned dart barely misses the iguana.
You hit the iguana.
The iguana is heavily wounded.
The iguana bites you but does no damage.
You barely miss the iguana.
The iguana is heavily wounded.
The iguana bites you!
* * * LOW HITPOINT WARNING * * *
The iguana bites you.
* * * LOW HITPOINT WARNING * * *
You closely miss the iguana.
The iguana is heavily wounded.
The iguana bites you!
* * * LOW HITPOINT WARNING * * *
You hit the iguana.
The iguana is severely wounded.
The iguana bites you.
* * * LOW HITPOINT WARNING * * *
The iguana bites you.
You die...

, * , * * , , * , # *,
,* ,,.# , , .. .* , ..
** **###.# , , ,.
#(#.##* , *###.
###....#...
>#...#####..@l.(((.(,
, .......##.....###.(.
* ##.....#..#
#...#..##.... , ,
#(.##..# .##.# , ,,
#####..###.# .. ,.. ##
#.....##*#.##......,
.#.###.##..#*...#.....
, .......###.#
#........ , *


You could see an iguana (very poisoned).

Vanquished Creatures
  2 ogres (D:4)
  An iguana (D:4)
  A hound skeleton (D:4)
  3 adders
  3 gnolls (D:3)
  A worm (D:2)
  A bat (D:2)
  7 endoplasms
  7 giant cockroaches
  2 goblins
  6 hobgoblins
  7 jackals
  3 kobolds
  2 quokkas
  5 ball pythons
  4 frilled lizards (D:2)
  5 rats
60 creatures vanquished.

Vanquished Creatures (collateral kills)
  A worm (D:2)
  A hobgoblin (D:1)
  2 frilled lizards (D:2)
4 creatures vanquished.

Vanquished Creatures (others)
  An orc (D:3)
  8 plants (D:2)
9 creatures vanquished.

Grand Total: 73 creatures vanquished

Notes
Turn   | Place    | Note
-------+----------+-------------------------------------------
     0 | D:1      | jejorda2 the Deep Dwarf Summoner began the quest for the
                  | Orb.
     0 | D:1      | Reached XP level 1. HP: 15/15 MP: 3/3
   191 | D:1      | Reached skill level 1 in Armour
   191 | D:1      | Reached XP level 2. HP: 11/24 MP: 2/4
   417 | D:1      | Reached skill level 1 in Fighting
   871 | D:1      | Found a faded altar of an unknown god.
  1075 | D:2      | Found Ushoph's Weapon Shoppe.
  1114 | D:2      | Reached skill level 1 in Axes
  1160 | D:2      | Reached XP level 3. HP: 23/31 MP: 1/5
  1717 | D:2      | Reached skill level 2 in Axes
  1863 | D:3      | Reached XP level 4. HP: 15/38 MP: 4/6
  2064 | D:3      | Found an ancient bone altar of Kikubaaqudgha.
  2458 | D:4      | Found a burning altar of Makhleb.
  2481 | D:4      | Reached skill level 3 in Axes
  2481 | D:4      | Reached XP level 5. HP: 22/45 MP: 6/6
  2485 | D:4      | Became a worshipper of Makhleb the Destroyer
  2500 | D:4      | Noticed an ogre
  2509 | D:4      | Killed an ogre
  2510 | D:4      | Reached skill level 1 in Invocations
  2596 | D:4      | Noticed an ogre
  2604 | D:4      | Killed an ogre
  2605 | D:4      | Reached skill level 4 in Axes
  2605 | D:4      | Reached XP level 6. HP: 14/55 MP: 7/7
  2685 | D:4      | HP: 1/55 [iguana (3)]
  2685 | D:4      | Slain by an iguana

Illustrated notes

Levels and vault maps discovered:
D:1:      giann_wishing_wells, layout_basic, shapermc_ecumenical_altar_petra
D:2:      layout_loops_cross, serial_shops, shop, minmay_lizard_king
D:3:      layout_rooms, nicolae_kikubaaqudgha_miasma_corner
D:4:      layout_cave_pools, bloody_makhleb, minmay_temple_entry_nine_rooms,
          gammafunk_ghost_arena, uniq_eustachio

Skill      XL: |  1  2  3  4  5 |
---------------+----------------+-----
Armour         | 1 2 3 |  3.1
Fighting       | 1 2 |  2.5
Axes           | 1 2 3 4 |  4.1
Invocations    | 1 |  1.9
Maces & Flails | |  0.8
Dodging        | |  2.1
Stealth        | |  2.4
Spellcasting   | |  1.7
Summonings     | |  3.6

Action                   |  1- 3 |  4- 6 || total
-------------------------+-------+-------++-------
Melee: Club              |    23 |       ||    23
       Unarmed           |    12 |       ||    12
       War axe           |   110 |    66 ||   176
       Battleaxe         |       |    30 ||    30
Throw: Dart              |     3 |    15 ||    18
 Cast: Summon Small Mamm |    27 |     1 ||    28
 Abil: Heal Wounds       |     1 |     3 ||     4
  Use: Potion            |       |     4 ||     4
       Scroll            |       |     3 ||     3
Armor: Scale mail        |    59 |    31 ||    90
       Chain mail        |       |    31 ||    31
       Skin              |       |     2 ||     2
Dodge: Dodged            |   106 |    56 ||   162
